AoeStats
← Kibyra

Black Forest

509440575Analyzed
4v4 RM · 6d ago on Sep 26, 2026· 80m 3s· 8 players
Game mode
Random Map
Map size
Large (8 player)
Population
200
Speed
Normal
Resources
Standard
Victory
Conquest
Starting age
Dark Age
Ending age
Imperial Age
RankedLock teamsTeams togetherTeam positionsShared explorationLock speedFull tech treeHidden civsTurbo modeCheats
Victory
Defeat
🇷🇺 Goths · Russia
858
+16
🇷🇺 Vietnamese · Russia
857
+15
🇷🇺 Spanish · Russia
857
+15
🇷🇺 Turks · Russia
857
+15
🇵🇱 Burgundians · Poland
873
-16
🇪🇸 Maya · Spain
832
-15
🇹🇷 Cumans · Türkiye
826
-15
🇹🇷 Bulgarians · Türkiye
824
-15
forest
0:38 Loom
14:52 Feudal Age
23:08 Castle Age
21:14 Double-Bit Axe
21:12 Horse Collar
23:34 Wheelbarrow
23:03 Gold Mining
26:49 Forging
28:03 Scale Barding Armor
28:48 Iron Casting
28:17 Husbandry
27:38 Cavalier
Kibyra
6:23 Loom
12:38 Feudal Age
13:05 Double-Bit Axe
13:17 Town Watch
14:43 Gold Mining
23:51 Forging
23:41 Scale Mail Armor
26:14 Fletching
26:26 Padded Archer Armor
32:00 Castle Age
32:11 Light Cavalry
34:24 Bloodlines
35:35 Horse Collar
37:15 Wheelbarrow
36:58 Fervor
38:01 Bow Saw
38:24 Heavy Plow
39:33 Ballistics
39:53 Hand Cart
40:44 Steppe Husbandry
40:46 Stone Mining
41:09 Caravan
45:04 Imperial Age
44:15 Iron Casting
43:46 Scale Barding Armor
43:38 Bodkin Arrow
43:59 Leather Archer Armor
43:48 Murder Holes
46:41 Conscription
47:35 Blast Furnace
47:38 Chemistry
48:22 Parthian Tactics
48:37 Crop Rotation
48:33 Crossbowman
49:18 Thumb Ring
48:34 Elite Skirmisher
48:37 Elite Kipchak
50:24 Two-Man Saw
49:57 Elite Steppe Lancer
50:12 Pikeman
50:14 Man-at-Arms
51:25 Long Swordsman
51:26 Halberdier
52:07 Squires
51:53 Arson
52:56 Two-Handed Swordsman
54:38 Gold Shaft Mining
55:59 Champion
56:57 Chain Mail Armor
57:13 Ring Archer Armor
57:04 Chain Barding Armor
58:51 Heavy Cavalry Archer
61:22 Plate Mail Armor
61:28 Plate Barding Armor
67:56 Cavalier
70:57 Paladin
77:55 Onager
Okan Caliskan
8:58 Loom
12:37 Feudal Age
13:29 Double-Bit Axe
18:57 Forging
18:47 Scale Mail Armor
20:06 Horse Collar
24:07 Castle Age
25:53 Iron Casting
25:33 Chain Mail Armor
28:07 Pikeman
28:48 Squires
37:48 Imperial Age
35:18 Elite Skirmisher
36:41 Wheelbarrow
36:33 Fletching
36:44 Padded Archer Armor
36:59 Arson
39:43 Chemistry
40:24 Scale Barding Armor
41:20 Blast Furnace
40:51 Plate Mail Armor
42:12 Heavy Plow
42:40 Bow Saw
43:31 Crop Rotation
44:18 Elite Konnik
48:02 Parthian Tactics
48:30 Gambesons
48:48 Bodkin Arrow
49:09 Leather Archer Armor
49:15 Chain Barding Armor
50:54 Stirrups
51:41 Hand Cart
56:55 Bracer
57:31 Plate Barding Armor
57:05 Heavy Cavalry Archer
58:03 Halberdier
61:59 Town Watch
ander.bioesc
0:29 Loom
13:38 Feudal Age
15:20 Double-Bit Axe
19:14 Horse Collar
22:18 Castle Age
22:28 Town Watch
23:41 Heavy Plow
23:40 Fletching
24:15 Bow Saw
27:50 Wheelbarrow
28:58 Stone Mining
29:00 Gold Mining
30:32 Hand Cart
36:31 Murder Holes
37:29 Forging
37:15 Bodkin Arrow
40:26 Imperial Age
40:02 Hul'che Javelineers
40:35 Squires
40:21 Arson
41:14 Iron Casting
40:41 Capped Ram
42:39 Conscription
43:57 Blast Furnace
44:50 Town Patrol
45:30 Crop Rotation
45:00 Bracer
45:09 Caravan
46:13 Fortified Wall
46:25 Ballistics
46:16 Masonry
48:20 Holcans
49:02 Bracer
49:04 Padded Archer Armor
48:56 Elite Skirmisher
49:42 Thumb Ring
51:23 Hoardings
52:17 Pikeman
52:19 Eagle Warrior
53:49 Siege Ram
54:21 Elite Eagle Warrior
56:21 Elite Plumed Archer
63:00 Two-Man Saw
63:24 Leather Archer Armor
63:11 Scale Mail Armor
62:41 Halberdier
70:53 Heavy Scorpion
IvanD
4:40 Loom
18:32 Feudal Age
19:21 Double-Bit Axe
19:19 Horse Collar
19:11 Man-at-Arms
20:38 Wheelbarrow
22:52 Forging
23:28 Scale Mail Armor
26:29 Castle Age
24:49 Stone Mining
24:50 Gold Mining
25:11 Town Watch
27:35 Hand Cart
27:57 Squires
28:14 Bow Saw
28:05 Caravan
29:09 Heavy Plow
30:35 Iron Casting
30:16 Chain Mail Armor
30:14 Long Swordsman
40:04 Imperial Age
37:29 Treadmill Crane
37:35 Pikeman
38:37 Fletching
38:49 Murder Holes
39:15 Ballistics
40:09 Halberdier
40:55 Perfusion
40:16 Elite Huskarl
41:16 Conscription
41:02 Anarchy
42:02 Stone Shaft Mining
42:28 Blast Furnace
42:45 Town Patrol
43:50 Chemistry
44:04 Two-Man Saw
47:12 Bodkin Arrow
49:10 Bracer
49:27 Two-Handed Swordsman
51:10 Masonry
66:20 Champion
67:08 Scale Barding Armor
73:51 Sappers
74:24 Padded Archer Armor
80:17 Leather Archer Armor
80:22 Chain Barding Armor
81:04 Coinage
80:45 Guilds
Seeker
0:32 Loom
13:37 Feudal Age
15:33 Double-Bit Axe
17:18 Horse Collar
19:05 Man-at-Arms
39:28 Castle Age
40:12 Pikeman
40:53 Squires
42:25 Forging
42:16 Scale Mail Armor
44:20 Iron Casting
48:57 Bow Saw
48:50 Heavy Plow
51:58 Imperial Age
50:26 Arson
50:27 Gambesons
51:55 Wheelbarrow
51:28 Caravan
53:44 Conscription
53:51 Hand Cart
55:06 Cavalier
59:41 Blast Furnace
58:49 Scale Barding Armor
61:29 Stone Mining
61:31 Gold Mining
64:07 Two-Man Saw
63:25 Chain Mail Armor
63:03 Fletching
63:13 Padded Archer Armor
63:46 Town Watch
64:18 Paladin
64:20 Light Cavalry
65:11 Bloodlines
65:01 Husbandry
69:32 Plate Mail Armor
69:23 Chain Barding Armor
70:11 Stone Shaft Mining
69:49 Elite Skirmisher
70:30 Imperial Skirmisher
72:39 Elite Conquistador
Guardian of Tirisfal
0:37 Loom
14:24 Feudal Age
19:14 Wheelbarrow
21:28 Castle Age
19:35 Double-Bit Axe
19:58 Horse Collar
23:19 Heavy Plow
23:32 Bow Saw
25:26 Wheelbarrow
25:42 Squires
29:06 Fortified Wall
32:06 Imperial Age
30:31 Masonry
30:36 Man-at-Arms
32:18 Hand Cart
32:03 Long Swordsman
38:11 Two-Handed Swordsman
39:06 Forging
38:57 Scale Mail Armor
39:02 Scale Barding Armor
40:28 Ballistics
40:45 Iron Casting
40:36 Elite Janissary
47:25 Sipahi
47:08 Artillery
47:27 Caravan
48:37 Architecture
49:00 Guard Tower
50:15 Blast Furnace
50:16 Town Watch
52:49 Treadmill Crane
53:27 Chain Mail Armor
53:32 Chain Barding Armor
53:05 Fletching
53:16 Padded Archer Armor
53:19 Town Patrol
54:36 Keep
61:58 Champion
66:45 Plate Mail Armor
66:51 Plate Barding Armor
Shram
0:32 Loom
15:05 Feudal Age
17:00 Wheelbarrow
16:13 Horse Collar
16:19 Double-Bit Axe
16:49 Town Watch
18:15 Stone Mining
18:18 Gold Mining
18:50 Man-at-Arms
21:07 Forging
24:24 Fletching
25:11 Padded Archer Armor
38:45 Castle Age
40:07 Hand Cart
41:41 Iron Casting
43:08 Caravan
44:28 Stone Shaft Mining
44:32 Heavy Plow
45:23 Squires
45:08 Arson
48:14 Bodkin Arrow
49:30 Bow Saw
55:22 Scale Mail Armor
55:38 Leather Archer Armor
55:30 Scale Barding Armor
56:47 Ballistics
62:14 Imperial Age
60:49 Bloodlines
60:40 Husbandry
61:41 Elite Skirmisher
62:26 Thumb Ring
62:28 Chatras
63:05 Bracer
63:27 Imperial Skirmisher
64:47 Ring Archer Armor
64:32 Chain Mail Armor
66:40 Crop Rotation
67:13 Two-Man Saw
68:08 Chemistry
70:09 Paper Money
71:21 Plate Mail Armor
71:11 Chain Barding Armor
71:53 Elite Fire Lancer
74:32 Elite Rattan Archer
75:48 Elite Battle Elephant
Connection lost

Rejoining the realm…

Still unreachable

The connection could not be restored.

Session expired

The server has moved on; the page needs a fresh start.